Match 42472341
Unlisted

Match 42472341
End
Selects Australian Defense Battlegroup
Selects Australian Light Infantry Section
Australian Light Infantry Section
Construct Section Command Post
Dingo Light Scout Car
Australian Light Infantry Section
Australian Light Infantry Section
Selects 2-pounder Anti-tank Gun Team
2-pounder Anti-tank Gun Team
Construct Platoon Command Post
Infantry Training
Construct Company Command Post
Selects Vehicle Over Repair
Crusader II Medium Tank
Armored Vehicle Training
CPU - Very Easy
Barbarossa
dbswo0927
Mastermarius
wila
【嗜血狼族】灵狐魅儿
LittleFatty233
Raedwulf
0
0

Comments sign in to comment!

No comments posted yet!